 Dungeon Crawl Stone Soup version 0.19-a0-805-g0a78ef0 (webtiles) character file.

261 Stormbringer the Insei (level 5, 0/41 HPs)
             Began as a Mummy Monk on June 27, 2016.
             Slain by a hound (1 damage)
             ... on level 4 of the Dungeon.
             The game lasted 00:12:19 (5969 turns).

Stormbringer the Insei (Mummy Monk)                 Turns: 5969, Time: 00:12:20

Health: 0/41       AC:  2    Str: 14    XL:     5   Next: 96%
Magic:  5/5        EV: 14    Int:  9    God:
Gold:   90         SH:  0    Dex: 16    Spells: 0 memorised, 4 levels left

rFire  x . .     SeeInvis .       - Unarmed
rCold  + . .     Gourm    .     (no armour)
rNeg   + + +     Faith    .     (no shield)
rPois  ∞         Spirit   .     h - +0 helmet
rElec  .         Dismiss  .     g - +0 cloak
rCorr  .         Reflect  .     (no gloves)
SustAt .         Harm     .     (no boots)
MR     .....                    (no amulet)
Stlth  ++........               k - ring of wizardry
                                (no ring)

@: not resistant to hostile enchantments, unstealthy
A: no food or potions, fire vulnerability, cold resistance 1, negative energy
resistance 3, torment resistance, unbreathing
a: no special abilities


You were on level 4 of the Dungeon.
You were not hungry.

You visited 1 branch of the dungeon, and saw 4 of its levels.

You collected 90 gold pieces.


Innate Abilities, Weirdness & Mutations

You do not eat or drink.
Your flesh is vulnerable to fire.
You are immune to poison.
Your flesh is cold resistant. (rC+)
You are immune to negative energy. (rN+++)
You are immune to unholy pain and torment.
You can survive without breathing.


   Skills:
 - Level 3.0 Fighting
 + Level 3.2 Dodging
 - Level 1.5 Stealth
 - Level 5.0 Unarmed Combat


You had 4 spell levels left.
You didn't know any spells.

Inventory:

Armour
 g - a +0 cloak (worn)
 h - a +0 helmet (worn)
Jewellery
 k - a ring of wizardry (right hand)
Scrolls
 a - a scroll of recharging {unknown}
 c - a scroll of amnesia {unknown}
 d - 2 scrolls of magic mapping
 e - a scroll of identify {unknown}
 f - 2 scrolls of remove curse
 j - a scroll of teleportation {unknown}
Comestibles
 i - a fruit (quivered)

Dungeon Overview and Level Annotations

Branches:
Dungeon (4/15)
 Temple: D:4-7

Altars:
Yredelemnul

Annotations:
D:4 Natasha

.....▒▒▒▒▒▒▒▒
..▒.▒▒.▒..▒▒.....▒
.....
.▒...▒.....▒▒.....▒
.....
▒.▒▒▒.▒▒▒▒...▒.....▒▒
.[... ▒ ...
▒............ .....▒
▒▒▒▒▒▒▒▒▒..▒....▒▒
▒...▒...........▒▒
▒.▒.▒.▒▒▒▒..▒▒▒▒▒.
▒.▒...▒ ......▒ ▒.
▒M▒▒▒▒▒.▒▒▒.▒.▒ ▒.
▒h▒ .▒.▒ ▒▒ ▒.▒ .. ▒
▒.▒ ... ▒▒ ▒.? ▒. ▒▒▒
▒. ▒. ▒. ▒▒


You could see a hound.


Message History

You barely miss the hound!
The hound is heavily wounded!
The hound bites you! * * * don't die
* * * You closely miss the hound!
The hound is heavily wounded!
The hound bites you! * * * don't die
* * * The hound barely misses you!
You closely miss the hound!
The hound is heavily wounded!
The hound bites you! * * * don't die
* * * You closely miss the hound!
Your punch misses the hound!
The hound is heavily wounded!
The hound bites you but does no damage! The hound bites you! * * * don't die
* * * You closely miss the hound!
The hound is heavily wounded!
The hound completely misses you!
You miss the hound!
The hound is heavily wounded!
The hound bites you! * * * don't die
* * *
As you read the scroll labeled ALOLE VUSITA, it crumbles to dust!
You hear a loud clanging noise!!!
It was a scroll of noise!
You hear an angry hiss!
You hear a shout!!!
You hear a bark!!! x4
The hound bites you! rip

Action                   |  1- 3 |  4- 6 || total
-------------------------+-------+-------++-------
Melee: Unarmed           |   166 |   289 ||   455
       Punch             |     2 |     3 ||     5
  Use: Scroll            |     2 |     1 ||     3
 Stab: Sleeping          |     4 |     6 ||    10
       Distracted        |       |     1 ||     1
Armor: Skin              |    16 |    30 ||    46
Dodge: Dodged            |   120 |   152 ||   272

Vault maps used:
D:1:      dpeg_arrival_court
D:2:      uniq_iyjb
D:3:      yredelemnul_altar_generic, uniq_robin
D:4:      uniq_natasha

Notes
Turn   | Place    | Note
--------------------------------------------------------------
     0 | D:1      | Stormbringer the Mummy Monk began the quest for the Orb.
     0 | D:1      | Reached XP level 1. HP: 18/18 MP: 1/1
   333 | D:1      | Reached XP level 2. HP: 15/24 MP: 2/2
   563 | D:1      | Reached skill level 3 in Unarmed Combat
  1789 | D:2      | Reached XP level 3. HP: 26/29 MP: 3/3
  2202 | D:2      | Noticed Ijyb
  2791 | D:2      | Killed Ijyb
  2791 | D:2      | Reached skill level 4 in Unarmed Combat
  2791 | D:2      | Reached XP level 4. HP: 7/35 MP: 4/4
  4204 | D:3      | Found a basalt altar of Yredelemnul.
  4494 | D:3      | Noticed Robin
  4582 | D:3      | Killed Robin
  4582 | D:3      | Reached XP level 5. HP: 22/41 MP: 5/5
  5233 | D:3      | Reached skill level 5 in Unarmed Combat
  5635 | D:4      | Reached skill level 3 in Dodging
  5745 | D:4      | Noticed Natasha
  5966 | D:4      | HP: 4/41 [hound (2)]
  5968 | D:4      | HP: 1/41 [hound (4)]
  5969 | D:4      | Slain by a hound

Vanquished Creatures
  Ijyb (D:2)
  2 orc wizards
  Robin (D:3)
  4 adders
  An ooze (D:2)
  3 worms
  4 dart slugs
  4 giant geckos
  10 orcs
  5 giant cockroaches
  11 goblins
  6 hobgoblins
  6 jackals
  9 kobolds
  4 quokkas
  2 ball pythons (D:1)
  14 bats
  A giant gecko skeleton (D:4)
  3 giant newts
  A quokka skeleton (D:4)
  10 rats
102 creatures vanquished.
